 Dungeon Sprint DCSS version 0.22.1-1-ga44c0e56f4 (webtiles) character file.

569 MuseOD the Covert (level 7, -2/40 HPs)
             Began as a Spriggan Enchanter on Sept 26, 2018.
             Was an Initiate of Dithmenos.
             Slain by a sixfirhy (12 damage)
             ... summoned by a kobold demonologist
             ... in the Dungeon (Sprint III: "The Ten Rune Challenge").
             The game lasted 00:02:00 (475 turns).

MuseOD the Covert (Spriggan Enchanter)               Turns: 475, Time: 00:02:01

Health: -2/40      AC:  2    Str:  4    XL:     7   Next: 11%
Magic:  2/12       EV: 18    Int: 19    God:    Dithmenos [......]
Gold:   23         SH:  0    Dex: 16    Spells: 2/11 levels left

rFire    . . .     SeeInvis +   s - +0 long sword (holy)
rCold    . . .     Gourm    .   (shield restricted)
rNeg     . . .     Faith    .   b - +0 robe
rPois    .         Spirit   .   (helmet restricted)
rElec    .         Reflect  .   (no cloak)
rCorr    .         Harm     .   (gloves unavailable)
MR       +....     NoTele   +   (boots unavailable)
Stlth    +++++.....             (no amulet)
HPRegen  0.13/turn              (no ring)
MPRegen  0.13/turn              (no ring)

@: very quick
A: very small, unfitting armour, see invisible, herbivore, speed 3, slow
metabolism 2
a: Renounce Religion


You were in the Dungeon.
You worshipped Dithmenos.
Dithmenos was noncommittal.
You were not hungry.

You visited 1 branch You collected 23 gold pieces.

Inventory:

Hand Weapons
 a - a +1 dagger
 s - a +0 long sword of holy wrath (weapon)
Armour
 b - a +0 robe (worn)
Wands
 r - a wand of iceblast (7)
Scrolls
 c - a scroll of torment {unknown}
 j - a scroll of blinking
 k - 3 scrolls of identify
 l - a scroll of enchant armour {unknown}
 m - a scroll of immolation {unknown}
 n - a scroll of remove curse {unknown}
Potions
 e - 2 potions of curing
 f - a potion of heal wounds
 g - a potion of haste
 h - 2 potions of magic
 i - 2 potions of berserk rage
 o - a potion of agility {unknown}
 p - a potion of invisibility {unknown}
 q - 4 potions of mutation
Comestibles
 d - 3 rations


   Skills:
 + Level 6.3 Fighting
 * Level 11.6 Short Blades
 - Level 3.0 Dodging
 + Level 12.3 Stealth
 + Level 2.9 Spellcasting
 + Level 3.8 Hexes


You had 2 spell levels left.
You knew the following spells:

 Your Spells              Type           Power        Failure   Level  Hunger
a - Corona                Hex            ###....      3%          1    None
b - Ensorcelled Hibernat  Hex/Ice        ##....       11%         2    ##.....
c - Confuse               Hex            ###.....     10%         3    ###....
d - Dazzling Spray        Conj/Hex       ##....       22%         3    ###....

Your spell library contained the following spells:

 Spells                   Type           Power        Failure   Level  Hunger
 Tukima's Dance           Hex            ###.....     10%         3    ###....


Dungeon Overview and Level Annotations

Branches:
Dungeon (1/1)

Altars:
Dithmenos
Elyvilon
Kikubaaqudgha
Ru
Sif Muna
Vehumet
Yredelemnul
Zin
The Shining One


Innate Abilities, Weirdness & Mutations

You are very small and have problems with some larger weapons.
You are too small for most types of armour.
You have supernaturally acute eyesight. (SInv)
You are a herbivore.
You cover ground extremely quickly.
You need to consume almost no food.


Message History

Things that are here:
a long sword of holy wrath; a potion of curing; an elf corpse
Okay, then.
There is a white marble altar of Elyvilon here.
Things that are here:
a long sword of holy wrath; a potion of curing; an elf corpse
There is a white marble altar of Elyvilon here.
Things that are here:
a long sword of holy wrath; a potion of curing; an elf corpse
e - 2 potions of curing (gained 1)
s - a long sword of holy wrath The soul eater disappears in a puff of smoke!
Wield which item (- for none, * to show all)? (? for menu, Esc to quit)
Your +0 long sword of holy wrath softly glows with a divine radiance!
s - a +0 long sword of holy wrath (weapon)
You hit the shadow imp but do no damage.
You miss the sixfirhy. The sixfirhy hits you.
* * * LOW HITPOINT WARNING * * *
The sixfirhy shocks you!
You die...

▓▓▓▓▓▓ ▓▓▓ .#(..####
##.##### ####
.#......#####..#__§# #__#
##.......#..#..#@3.# #†_#
.##.##...#..#..###5#+###'##
.##.###..##'#..#.§K.......#
####.##..###...+3⌠K.......#
##..##..####...#.5.######+#
....##..###...E#.⌠.#
#..##...##.....#...#
..##....#.†....#'###
.###..##.#.....#.)K#


You could see a sixfirhy and a shadow imp.

Vanquished Creatures
  A deep elf mage (D)
  A necrophage (D)
  A wizard (D)
  A necromancer (D)
  A human (D)
  A wolf (D)
  2 oozes (D)
  2 rats (D)
10 creatures vanquished.

Vanquished Creatures (others)
  2 draconian scorchers (D)
  6 hellions (D)
  A yaktaur (D)
9 creatures vanquished.

Grand Total: 19 creatures vanquished

Notes
Turn   | Place    | Note
-------+----------+-------------------------------------------
     0 | D        | MuseOD the Spriggan Enchanter began the quest for the Orb.
     0 | D        | Reached XP level 1. HP: 9/9 MP: 5/5
    15 | D        | Reached skill level 1 in Fighting
    15 | D        | Reached skill level 5 in Stealth
    21 | D        | Reached XP level 2. HP: 8/14 MP: 6/6
    25 | D        | Learned a level 2 spell: Ensorcelled Hibernation
    30 | D        | Killed a yaktaur
   146 | D        | Killed a hellion
   146 | D        | Killed a hellion
   205 | D        | Killed a white draconian scorcher
   240 | D        | Killed a hellion
   241 | D        | Killed a hellion
   243 | D        | Killed a white draconian scorcher
   249 | D        | Killed a hellion
   250 | D        | Killed a hellion
   267 | D        | Reached skill level 6 in Stealth
   347 | D        | Reached skill level 5 in Short Blades
   347 | D        | Reached XP level 3. HP: 19/19 MP: 5/8
   368 | D        | Learned a level 3 spell: Confuse
   380 | D        | Noticed a water elemental
   404 | D        | Found a basalt altar of Yredelemnul.
   404 | D        | Found a shadowy altar of Dithmenos.
   404 | D        | Found a sacrificial altar of Ru.
   404 | D        | Noticed a necrophage
   404 | D        | Noticed a necromancer
   406 | D        | Killed a necromancer
   406 | D        | Reached skill level 7 in Stealth
   406 | D        | Reached XP level 4. HP: 24/24 MP: 9/9
   407 | D        | Killed a necrophage
   407 | D        | Reached skill level 9 in Stealth
   407 | D        | Reached XP level 5. HP: 29/29 MP: 10/10
   411 | D        | Became a worshipper of Dithmenos the Shadowed
   420 | D        | Found a glowing silver altar of Zin.
   420 | D        | Found a glowing golden altar of the Shining One.
   420 | D        | Found a white marble altar of Elyvilon.
   420 | D        | Noticed a deep elf mage
   423 | D        | Killed a deep elf mage
   423 | D        | Reached skill level 12 in Stealth
   423 | D        | Reached XP level 6. HP: 36/36 MP: 11/11
   423 | D        | Reached XP level 7. HP: 40/40 MP: 12/12
   428 | D        | Learned a level 3 spell: Dazzling Spray
   434 | D        | Found a radiant altar of Vehumet.
   435 | D        | Found a deep blue altar of Sif Muna.
   435 | D        | Found an ancient bone altar of Kikubaaqudgha.
   442 | D        | Noticed a soul eater
   443 | D        | Noticed a hellwing
   462 | D        | Noticed a sixfirhy
   475 | D        | Slain by a sixfirhy

Skill      XL: |  1  2  3  4  5 |
---------------+----------------+-----
Fighting       | 1 2 3 4 6 |  6.3
Short Blades   | 3 5 6 8 11 | 11.6
Stealth        | 5 6 7 9 12 | 12.3
Dodging        | |  3.0
Spellcasting   | |  2.9
Hexes          | |  3.8

Action                   |  1- 3 |  4- 6 |  7- 9 || total
-------------------------+-------+-------+-------++-------
Melee: Dagger            |    19 |     2 |     6 ||    27
       Long sword        |       |       |     2 ||     2
 Cast: Ensorcelled Hiber |     4 |       |     2 ||     6
       Confuse           |       |       |     3 ||     3
 Stab: Sleeping          |     4 |     2 |     1 ||     7
Armor: Robe              |       |       |     1 ||     1
Dodge: Dodged            |    13 |       |    16 ||    29
